Map: [ESL] Oceanborn

Players

Gerald

  • Race: Protoss Protoss
  • Spawn Location: 11:00

Elazer - Winner!

  • Race: Zerg Zerg
  • Spawn Location: 5:00

Event: ESL SC2 Masters 2024 Spring (Regional)

VOD

Have the link to the VOD?

Description

Time

  • Played on: April 10, 2024, 10:08 a.m.
  • Length: 16:31

All games in this series

Show
View Real Time Build Order
Export as new Build Order

Gerald Protoss 

Build Orders: 1 Gate Expand, Zealot Archon, Dark Templar Rush 

Get SALT Encoding   

  12  0:00  Probe  
  13  0:12  Probe  
  14  0:19  Pylon  
  14  0:24  Probe  
  15  0:37  Probe (Chrono Boost)  
  15  0:39  Gateway  
  16  0:47  Probe (Chrono Boost)  
  16  0:48  Assimilator  
  17  0:51  Probe (Chrono Boost)  
  18  1:03  Probe  
  19  1:15  Probe  
  20  1:22  Nexus  
  20  1:27  Probe  
  21  1:34  Cybernetics Core  
  21  1:41  Probe  
  21  1:44  Assimilator  
  22  1:49  Pylon  
  22  1:55  Probe  
  23  2:07  Probe, Adept (Chrono Boost)  
  24  2:13  Twilight Council  
  26  2:19  Probe  
  27  2:25  Warp Gate  
  27  2:28  Adept (Chrono Boost)  
  27  2:31  Probe  
  27  2:35  Probe  
  31  2:43  Probe  
  32  2:45  Robotics Facility  
  32  2:47  Probe  
  32  2:51  Adept  
  33  2:55  Probe  
  36  2:59  Probe  
  37  3:08  Probe  
  37  3:12  Probe  
  39  3:17  Dark Shrine  
  39  3:20  Probe  
  39  3:24  Pylon, Probe  
  41  3:29  Gateway  
  41  3:32  Probe  
  42  3:35  Pylon  
  42  3:36  Probe  
  42  3:40  Warp Prism (Chrono Boost)  
  46  3:49  Probe x2 (Chrono Boost)  
  47  4:01  Probe (Chrono Boost)  
  49  4:03  Probe (Chrono Boost), Nexus  
  49  4:05  Shield Battery  
  49  4:06  Probe (Chrono Boost)  
  50  4:11  Assimilator  
  50  4:14  Assimilator  
  50  4:16  Stalker  
  52  4:17  Probe  
  52  4:19  Probe  
  54  4:30  Pylon, Probe  
  55  4:31  Observer, Probe  
  57  4:41  Pylon  
  57  4:42  Probe, Adept  
  57  4:43  Probe (Chrono Boost)  
  61  4:51  Robotics Bay  
  61  4:54  Probe (Chrono Boost)  
  61  4:56  Probe (Chrono Boost)  
  63  5:00  Blink  
  63  5:02  Forge  
  63  5:03  Probe (Chrono Boost)  
  63  5:04  Probe (Chrono Boost)  
  63  5:07  Dark Templar x2  
  67  5:08  Probe (Chrono Boost)  
  67  5:10  Probe  
  71  5:15  Pylon  
  71  5:16  Probe  
  71  5:20  Probe  
  73  5:22  Probe  
  73  5:28  Probe  
  75  5:32  Probe  
  75  5:35  Disruptor (Chrono Boost)  
  76  5:37  Probe  
  76  5:39  Gravitic Drive  
  76  5:41  Probe  
  82  5:43  Assimilator  
  82  5:45  Probe  
  82  5:47  Gateway  
  82  5:48  Gateway  
  82  5:49  Protoss Ground Weapons Level 1, Probe  
  84  5:51  Gateway  
  84  5:53  Gateway  
  84  6:00  Pylon  
  84  6:01  Pylon, Assimilator, Disruptor (Chrono Boost), Probe  
  84  6:03  Probe  
  90  6:08  Probe  
  91  6:15  Stalker  
  91  6:16  Stalker  
  91  6:17  Probe  
  91  6:18  Shield Battery  
  94  6:29  Disruptor  
  94  6:31  Probe  
  99  6:33  Pylon  
  99  6:35  Pylon  
  99  6:40  Probe  
  99  6:41  Probe  
  99  6:42  Stalker x3  
  107  6:47  Gateway  
  107  6:52  Probe  
  108  6:54  Nexus  
  108  6:56  Pylon  
  108  6:58  Dark Templar x2  
  108  6:59  Probe  
  113  7:05  Disruptor  
  117  7:11  Stalker x4  
  121  7:16  Probe  
  121  7:22  Archon x2  
  120  7:23  Probe x2  
  120  7:24  Photon Cannon  
  120  7:27  Photon Cannon, Shield Battery  
  120  7:28  Probe  
  120  7:29  Shield Battery  
  123  7:33  Stalker x2  
  123  7:35  Shield Battery, Photon Cannon, Probe  
  128  7:39  Pylon  
  128  7:47  Stalker x4  
  128  7:48  Probe  
  128  7:49  Charge (Chrono Boost)  
  128  7:50  Probe  
  138  7:58  Probe  
  139  7:59  Stalker x2  
  139  8:00  Probe  
  139  8:02  Probe  
  145  8:07  Probe  
  145  8:09  Zealot  
  145  8:10  Zealot, Probe  
  145  8:11  Stalker  
  145  8:12  Zealot, Probe  
  156  8:14  Probe  
  156  8:16  Stalker  
  156  8:19  Probe  
  159  8:22  Disruptor  
  163  8:36  Pylon  
  163  8:38  Pylon  
  163  8:42  Protoss Ground Weapons Level 2 (Chrono Boost), Gateway  
  163  8:43  Gateway  
  163  8:45  Probe, Gateway  
  163  8:46  Assimilator  
  164  8:48  Assimilator  
  164  8:54  Probe  
  165  8:56  Probe  
  165  8:58  Pylon  
  165  9:00  Pylon, Probe  
  165  9:02  Pylon  
  167  9:05  Templar Archives  
  167  9:07  Pylon  
  167  9:11  Photon Cannon, Probe x2  
  167  9:13  Probe, Nexus  
  154  9:36  Zealot x2, Robotics Facility  
  154  9:37  Zealot x6  
  168  9:45  Immortal  
  172  9:47  Robotics Facility  
  172  9:49  Pylon  
  172  9:52  Pylon  
  172  9:54  Assimilator  
  172  9:59  Assimilator  
  170  10:07  Stalker  
  170  10:08  Zealot x6, Stalker  
  165  10:25  Observer (Chrono Boost)  
  151  10:31  Zealot  
  151  10:32  Zealot x9  
  163  10:37  Photon Cannon  
  163  10:38  Shield Battery  
  163  10:40  Shield Battery  
  163  10:42  Photon Cannon  
  163  10:45  Photon Cannon  
  171  10:52  Immortal (Chrono Boost)  
  171  10:57  Assimilator  
  171  10:58  Zealot x3, Assimilator  
  171  10:59  Zealot x5  
  176  11:07  Observer (Chrono Boost)  
  151  11:12  Probe  
  151  11:14  Dark Templar x2  
  146  11:23  Dark Templar x6  
  146  11:24  Stalker x2  
  160  11:26  Probe  
  160  11:27  Probe  
  160  11:29  Probe  
  160  11:31  Probe  
  162  11:39  Archon x2  
  160  11:40  Archon x2  
  160  11:44  Probe  
  160  11:45  Probe  
  160  11:47  Cybernetics Core  
  160  11:48  Gateway  
  160  11:49  Probe  
  160  11:56  Photon Cannon  
  160  11:57  High Templar x2  
  160  11:58  High Templar x7  
  160  12:00  Immortal, Photon Cannon  
  182  12:08  Photon Cannon  
  182  12:12  Archon x4  
  182  12:16  Immortal  
  182  12:19  Probe  
  182  12:20  Photon Cannon  
  186  12:28  Zealot x3  
  146  12:34  Zealot x5  
  146  12:35  Zealot  
  141  12:39  Immortal  
  129  12:49  High Templar x4  
  119  12:54  Archon x2  
  115  12:59  High Templar x6  
  115  13:00  Immortal  
  115  13:03  Archon x3  
  131  13:08  Probe  
  131  13:09  Observer  
  131  13:10  Shield Battery  
  132  13:13  Pylon  
  132  13:17  Shield Battery  
  132  13:19  Pylon  
  130  13:24  Photon Cannon  
  130  13:26  Zealot x3  
  130  13:27  Zealot  
  142  13:28  Immortal (Chrono Boost)  
  142  13:33  Probe  
  142  13:41  Observer (Chrono Boost)  
  129  13:42  Observer (Chrono Boost)  
  129  13:46  High Templar x7  
  129  13:48  Stalker x3  
  138  13:49  Probe  
  138  13:50  Probe  
  133  13:56  Disruptor (Chrono Boost)  
  133  13:58  Archon  
  133  13:59  Archon x2  
  133  14:01  Probe  
  138  14:05  Disruptor (Chrono Boost)  
  138  14:07  Probe  
  138  14:08  Photon Cannon  
  143  14:13  Zealot x3, Disruptor (Chrono Boost)  
  151  14:24  Zealot x4  
  131  14:42  Disruptor  
  131  14:43  Disruptor  
  137  14:51  Zealot x6  
  148  15:04  Nexus  
  146  15:16  Dark Templar x3  
  146  15:18  Disruptor  
  138  15:32  High Templar x3  
  140  15:47  High Templar  
  140  15:55  Zealot x3  
  142  15:57  Archon x2  
  118  16:06  Zealot x3  
  86  16:18  Zealot  
  86  16:19  Zealot x2  
  84  16:27  Zealot x2  
  84  16:28  Zealot x2  
Show
View Real Time Build Order
Export as new Build Order

Elazer Zerg - Winner!

Build Orders: Hatch First, Lurkers 

Get SALT Encoding   

  12  0:00  Drone  
  13  0:11  Overlord  
  13  0:16  Drone  
  14  0:30  Drone x2  
  16  0:48  Hatchery  
  15  0:51  Drone  
  15  0:55  Drone  
  17  0:58  Drone  
  18  1:09  Extractor  
  17  1:13  Spawning Pool  
  17  1:16  Drone  
  17  1:20  Drone  
  18  1:28  Drone  
  19  1:38  Drone  
  20  1:51  Drone  
  21  1:59  Queen x2  
  21  2:00  Zergling x2  
  21  2:01  Overlord  
  26  2:10  Drone  
  26  2:11  Drone  
  26  2:12  Metabolic Boost  
  28  2:21  Drone x2  
  30  2:33  Hatchery  
  29  2:39  Queen  
  33  2:44  Drone x2  
  33  2:47  Overlord  
  33  2:54  Zergling x6  
  36  3:05  Overlord, Queen  
  36  3:08  Drone  
  36  3:09  Drone  
  40  3:13  Drone x2  
  40  3:18  Queen  
  44  3:24  Drone  
  44  3:25  Drone  
  46  3:30  Spore Crawler  
  46  3:31  Drone x2  
  47  3:36  Drone  
  47  3:40  Overlord  
  48  3:42  Drone x2  
  48  3:48  Drone x4  
  53  3:54  Drone  
  54  3:56  Queen  
  54  3:57  Overlord  
  56  4:09  Roach Warren, Spore Crawler  
  54  4:13  Overlord, Spore Crawler  
  54  4:14  Zergling x4  
  54  4:15  Zergling x4  
  57  4:20  Queen  
  59  4:25  Zergling x4, Overlord  
  59  4:29  Overlord  
  61  4:32  Drone x3  
  61  4:37  Drone x3  
  67  4:39  Drone  
  67  4:42  Overlord  
  67  4:45  Drone x2  
  70  4:47  Drone  
  70  4:49  Drone x2  
  70  4:50  Drone  
  70  4:51  Drone  
  75  4:53  Drone  
  75  4:57  Queen  
  78  5:00  Drone x2  
  78  5:02  Drone x2  
  78  5:06  Extractor x2  
  80  5:07  Lair  
  80  5:08  Extractor  
  80  5:09  Drone  
  80  5:15  Roach x2  
  80  5:18  Roach  
  85  5:36  Overlord  
  85  5:37  Roach  
  85  5:40  Overlord  
  87  5:43  Extractor, Drone x7  
  87  5:44  Drone x4  
  87  5:46  Extractor  
  87  5:47  Drone  
  97  5:50  Overlord  
  97  5:51  Drone x3, Hatchery  
  97  5:53  Evolution Chamber  
  98  5:59  Overlord  
  98  6:02  Drone  
  99  6:07  Hatchery  
  98  6:13  Overlord  
  98  6:16  Zergling x4  
  98  6:17  Overlord  
  99  6:20  Zerg Missile Weapons Level 1  
  99  6:21  Hydralisk Den, Glial Reconstitution, Drone  
  99  6:22  Infestation Pit  
  99  6:25  Overseer  
  98  6:28  Roach x4  
  106  6:36  Overlord  
  106  6:39  Overlord  
  106  6:40  Drone  
  106  6:41  Drone x2  
  109  6:50  Grooved Spines  
  109  6:52  Hatchery  
  109  6:53  Drone x3  
  111  6:56  Lurker Den  
  111  6:58  Zergling x24  
  119  7:12  Drone x2  
  119  7:14  Zergling x4  
  121  7:22  Hatchery  
  119  7:27  Pneumatized Carapace  
  119  7:29  Hydralisk x7, Hive  
  133  7:40  Overseer  
  127  7:45  Hydralisk  
  127  7:46  Hydralisk x5  
  139  7:55  Drone x10  
  149  8:01  Drone  
  149  8:08  Muscular Augments  
  149  8:18  Overlord, Drone x8  
  148  8:28  Extractor x2  
  148  8:31  Spore Crawler  
  148  8:33  Drone x5  
  145  8:34  Drone x2  
  145  8:39  Lurker x4  
  145  8:40  Lurker  
  153  8:44  Lurker  
  153  8:45  Lurker, Seismic Spines  
  153  8:47  Overlord  
  154  8:53  Drone x3  
  154  8:55  Spine Crawler  
  156  8:56  Spine Crawler  
  156  8:57  Spore Crawler, Drone  
  156  8:59  Lurker  
  156  9:00  Zergling x2, Lurker, Spine Crawler  
  156  9:01  Zergling x14  
  163  9:14  Hydralisk x3  
  153  9:25  Zergling x16  
  153  9:26  Zergling x12  
  156  9:36  Lurker x2  
  156  9:37  Zerg Missile Weapons Level 2  
  158  9:40  Evolution Chamber  
  158  9:42  Lurker x3  
  158  9:43  Hydralisk x4, Adaptive Talons  
  164  9:56  Hydralisk x5  
  171  10:03  Hydralisk x3  
  171  10:04  Hydralisk  
  175  10:15  Zergling x32  
  169  10:30  Lurker x6  
  169  10:33  Zergling x28  
  169  10:35  Overseer  
  186  10:41  Zerg Melee Weapons Level 1  
  185  10:43  Zergling x16  
  169  11:12  Hydralisk x8  
  169  11:15  Zergling x4  
  169  11:17  Adrenal Glands  
  169  11:18  Overlord  
  174  11:27  Hydralisk x4  
  174  11:31  Overlord x2  
  177  11:36  Spine Crawler x3  
  143  11:46  Lurker x7  
  137  11:47  Zergling x28  
  137  11:53  Lurker  
  152  11:59  Hydralisk x3  
  155  12:03  Hydralisk  
  155  12:04  Hydralisk  
  152  12:15  Lurker x2  
  152  12:16  Lurker  
  152  12:17  Zergling x26  
  167  12:26  Hydralisk x4  
  138  12:38  Hydralisk x5  
  138  12:43  Zergling x14  
  136  12:49  Hydralisk x3  
  135  12:53  Lurker x2  
  136  12:58  Lurker  
  136  13:03  Overseer  
  137  13:10  Zergling x26  
  149  13:17  Lurker x3  
  151  13:21  Zergling x10  
  154  13:39  Hydralisk x8  
  165  13:55  Overseer, Zerg Melee Weapons Level 2  
  163  13:59  Zergling x20  
  169  14:04  Spine Crawler  
  169  14:05  Lurker x3  
  171  14:13  Overseer x2  
  166  14:35  Hydralisk x12  
  172  14:40  Zergling x6  
  173  14:58  Hatchery  
  168  15:03  Hydralisk x10  
  188  15:08  Overseer x2  
  188  15:09  Overlord x3  
  182  15:16  Overlord  
  182  15:20  Zergling x4  
  182  15:25  Overlord  
  182  15:26  Overlord  
  182  15:41  Viper x4  
  191  16:00  Zergling x2  
  191  16:01  Zergling x30  
  168  16:07  Zergling x6  
  154  16:28  Lurker x6  
Tags
 
Add a new tag
Caveats
  • Supply blocks, unpowered buildings, or Contaminate may cause inaccurate times.
  • Supply counts are checked every 10 seconds.